 Dungeon Crawl Stone Soup version 0.31-a0-430-gf8416d752b (webtiles) character file.

Game seed: 4063684601958908308

39 Ethylacetat the Insei (level 3, -1/36 HPs)
             Began as an Octopode Shapeshifter on July 31, 2023.
             Slain by a goblin
             ... wielding a +2 dagger of venom
             ... led by Robin
              (3 damage)
             ... on level 2 of the Dungeon.
             The game lasted 00:02:53 (689 turns).

Ethylacetat the Insei (Octopode Shapeshifter)        Turns: 689, Time: 00:02:53

Health: -1/36      AC: 21    Str: 14    XL:     3   Next: 47%
Magic:  3/3        EV:  2    Int: 10    God:
Gold:   31         SH:  0    Dex: 14    Spells: 2/2 levels left

rFire   . .          .
                       - Unarmed
rCold   . . .        i - orb {light}
rNeg    . . .        (helmet currently unavailable)
rPois   +            (no amulet)
rElec   .            (no ring)
rCorr   .            (no ring)
SInv    .            (no ring)
Will    .....        (no ring)
Stlth   +            (no ring)
HPRegen 0.26/turn    (no ring)
MPRegen 0.08/turn    (no ring)
                     (no ring)

%: no passive effects
@: tree-form, glowing, invisible (but backlit and visible)
A: stationary, stasis, torment immunity, boosted hp, almost no armour,
(amphibious), 8 rings, (camouflage 1), (gelatinous body 1), (nimble swimmer 1),
(tentacles)
a: no special abilities


You were on level 2 of the Dungeon.
You were a tree.
You visited 1 branch of the dungeon, and saw 2 of its levels.

You collected 64 gold pieces.
You spent 33 gold pieces at shops.

Inventory:

Armour
 i - an orb of light (worn)
Jewellery
 f - a ring of ice
Talismans
 b - a beast talisman
Scrolls
 c - a scroll of revelation {unknown}
 e - a scroll of immolation {unknown}
 g - 2 scrolls of teleportation
 h - a scroll of amnesia {unknown}
Potions
 a - a potion of lignification


   Skills:
 + Level 1.7 Fighting
 + Level 2.4 Dodging
 + Level 3.4 Unarmed Combat
 + Level 3.2 Shapeshifting


You had 2 spell levels left.
You didn't know any spells.
Your spell library was empty.

Dungeon Overview and Level Annotations

Branches:
Dungeon (2/15)

Altars:

Shops:
D:1 *!?(

Annotations:
D:2 Robin


Innate Abilities, Weirdness & Mutations

You are a tree.
Your roots penetrate the ground, keeping you stationary.
You cannot be teleported.
You are immune to unholy pain and torment.
Your maximum health is greatly increased.
You cannot wear most types of armour.
((You are amphibious.))
You can wear up to eight rings at the same time.
((Your skin changes colour to match your surroundings (Stealth+).))
((Your rubbery body absorbs attacks. (AC +1, EV +1)))
((You are camouflaged when in or above water. (Stealth+)))
((You have tentacles for arms and can constrict up to eight enemies at once.))


Message History

The goblin wields a +0 sling.
The goblin shoots a sling bullet.
The sling bullet hits you.
The goblin shouts! x2
The goblin shouts!
You hear a shout!
The goblin unwields a +0 dagger.
The goblin wields a +1 heavy sling.
The goblin shoots a sling bullet.
The sling bullet hits you.
The goblin shoots a sling bullet.
The sling bullet barely misses you.
The goblin unwields a +2 dagger of venom.
It stops dripping with poison.
The goblin wields a +0 sling.
The goblin shoots a sling bullet.
The sling bullet hits you.
* * * LOW HITPOINT WARNING * * *
The goblin shoots a sling bullet.
The sling bullet barely misses you.
You hear a shout! x2
The goblin shoots a sling bullet.
The sling bullet barely misses you.
The goblin shoots a sling bullet.
The sling bullet closely misses you.
You open the door.
The goblin shoots a sling bullet.
The sling bullet hits you.
* * * LOW HITPOINT WARNING * * *
There is an open door here.
The goblin shoots a sling bullet.
The sling bullet hits you.
* * * LOW HITPOINT WARNING * * *
You close the door.
You start resting.
It was a potion of invisibility.
You become transparent, but the glow from your halo prevents you from becoming completely invisible.
The goblin shoots a sling bullet.
The sling bullet closely misses you.
Really quaff the potion of lignification?
Your transformation has ended.
You turn into a tree.
Your roots penetrate the ground.
Robin throws the goblin at you!
The goblin shoots a sling bullet.
The sling bullet hits you but does no damage.
The goblin unwields a +1 heavy sling.
The goblin wields a +0 dagger.
The goblin hits you but does no damage.
You hit the goblin.
You kill the goblin!
The goblin shoots a sling bullet.
The sling bullet hits you.
* * * LOW HITPOINT WARNING * * *
Robin throws the goblin at you!
The goblin unwields a +0 sling.
The goblin wields a +2 dagger of venom.
It begins to drip with poison!
The goblin hits you with a +2 dagger of venom.
You die...

. .#####
.....# ##....
#...# #)g.#
#♣..# ##'##
#.# #g# #####
#g# ...# #.#
###
#..#####g#####
...
..#.........#
#..
#.#.........#


You could see Robin and 3 goblins.

Vanquished Creatures
  A dart slug (D:2)
  A ball python (D:1)
  A bat (D:1)
  3 endoplasms (D:1)
  3 giant cockroaches (D:1)
  3 goblins
  4 hobgoblins (D:1)
  6 jackals (D:1)
  3 kobolds (D:1)
  2 quokkas (D:1)
  2 frilled lizards (D:1)
  3 rats (D:1)
32 creatures vanquished.

Notes
Turn   | Place    | Note
-------+----------+-------------------------------------------
     0 | D:1      | Ethylacetat the Octopode Shapeshifter began the quest for
                  | the Orb.
     0 | D:1      | Reached XP level 1. HP: 13/13 MP: 1/1
     2 | D:1      | Found Ymnifudd's Antique Weapon Emporium.
    33 | D:1      | Reached XP level 2. HP: 14/18 MP: 2/2
    69 | D:1      | Found Pank's Distillery.
   246 | D:1      | Reached XP level 3. HP: 18/23 MP: 3/3
   439 | D:1      | Found Casiteb's Magic Scroll Emporium.
   459 | D:1      | Bought a scroll of teleportation for 33 gold pieces
   569 | D:1      | Found Doenaob's Assorted Antiques.
   669 | D:2      | Noticed Robin
   689 | D:2      | Slain by a goblin

Illustrated notes

Levels and vault maps discovered:
D:1:      dpeg_arrival_rhombi, layout_basic, serial_shops, nicolae_shop_crystal,
          shop, nicolae_shop_advertising_works [nicolae_subvault_shop_adworks],
          shop, amethyst_killhole
D:2:      layout_basic, grunt_decor_resistance, minmay_crystal_room,
          minmay_misc_feat_cross, uniq_robin, uniq_crazy_yiuf_cottage

Action                     || total
---------------------------++-------
  Melee: Unarmed           ||    58
         Constrict         ||    10
         Punch             ||     2
         Tentacles         ||     4
    Use: Potion            ||     2
   Stab: Sleeping          ||     2
 Armour: Skin              ||     5
  Dodge: Dodged            ||    40

Table legend: (Time is in decaauts)
 A = Elapsed time spent in this place.
 B = Non-inter-level travel time spent in this place.
 C = Inter-level travel time spent in this place.
 D = Time resting spent in this place.
 E = Time spent auto-exploring this place.
 F = Levels seen in this place.
 G = Mean time per level.
                   A        B        C        D        E       F      G
               +--------+--------+--------+--------+--------+-----+--------+
         Total |    684 |    643 |     41 |      6 |    472 |   2 |  342.0 |
       Dungeon |    684 |    643 |     41 |      6 |    472 |   2 |  342.0 |
               +--------+--------+--------+--------+--------+-----+--------+

Top non-repeatable levels by time:
     D:1: 615 daAuts
     D:2: 69 daAuts
